 Dungeon Crawl Stone Soup version 0.19-a0-414-g76fec5b (webtiles) character file.

403 dracos369 the Poker (level 6, -2/42 HPs)
             Began as an Octopode Fighter on May 31, 2016.
             Slain by a centaur (9 damage)
             ... on level 4 of the Dungeon.
             The game lasted 00:08:59 (3499 turns).

dracos369 the Poker (Octopode Fighter)              Turns: 3499, Time: 00:09:00

Health: -2/42      AC:  1    Str: 15    XL:     6   Next: 86%
Magic:  6/6        EV: 11    Int: 11    God:
Gold:   178        SH: 15    Dex: 13    Spells: 0 memorised, 5 levels left

rFire  . . .     SeeInvis +     a - +0 trident
rCold  . . .     Gourm    .     b - +0 shield
rNeg   . . .     Faith    .     s - +0 hat
rPois  .         Spirit   .     e - +6 amulet of reflection
rElec  .         Dismiss  .     k - ring of wizardry
rCorr  .         Reflect  +     u - ring of see invisible
SustAt .         Harm     .     (no ring)
MR     .....                    (no ring)
Stlth  +++.......               (no ring)
                                (no ring)
                                (no ring)
                                (no ring)

@: not resistant to hostile enchantments, fairly stealthy
A: almost no armour, amphibious, 8 rings, constrict 8, camouflage 1, gelatinous
body 1
a: no special abilities


You were on level 4 of the Dungeon.
You were not hungry.

You visited 1 branch of the dungeon, and saw 4 of its levels.

You collected 178 gold pieces.

Inventory:

Hand Weapons
 a - a +0 trident (weapon)
Armour
 b - a +0 shield (worn)
 s - a +0 hat (worn)
Jewellery
 e - a +6 amulet of reflection (around mantle)
 k - a ring of wizardry (left tentacle)
 u - a ring of see invisible (right tentacle)
Scrolls
 h - a scroll of fog {unknown}
 l - 2 scrolls of teleportation {unknown}
 m - 2 scrolls of magic mapping {unknown}
 o - 4 scrolls of identify {unknown}
 q - a scroll of fear {unknown}
 t - 2 scrolls of remove curse {unknown}
Potions
 c - a potion of might
 f - 2 potions of curing {unknown}
 g - 2 potions of magic {unknown}
 i - 2 potions of agility {unknown}
 p - a potion of flight {unknown}
 w - a potion of berserk rage {unknown}
Books
 x - a book of Battle

   Spells                             Type                      Level
   a - Infusion                       Charms                       1
   b - Shroud of Golubria             Charms/Translocation         2
   c - Song of Slaying                Charms                       2
   d - Spectral Weapon                Hexes/Charms                 3
   e - Regeneration                   Charms/Necromancy            3
Comestibles
 d - 4 bread rations
 j - a meat ration
 r - a slice of pizza
 v - a beef jerky


   Skills:
 - Level 3.0 Fighting
 * Level 6.6 Polearms
 - Level 3.0 Dodging
 + Level 2.3 Stealth
 + Level 3.3 Shields


You had 5 spell levels left.
You didn't know any spells.

Dungeon Overview and Level Annotations

Branches:
Dungeon (4/15)
 Temple: D:4-7

Altars:


Innate Abilities, Weirdness & Mutations

You cannot wear most types of armour.
You are amphibious.
You can wear up to eight rings at the same time.
You can use your tentacles to constrict eight enemies at once.
Your skin changes colour to match your surroundings (Stealth+).
Your rubbery body absorbs attacks. (AC +1)


Message History

You barely miss the centaur.
The centaur is moderately wounded.
You block the centaur's attack.
You hit the centaur but do no damage. You squeeze the centaur!
The centaur is severely wounded.
You block the centaur's attack. x2
You hit the centaur but do no damage.
The centaur is severely wounded.
You block the centaur's attack.
You completely miss the centaur.
The centaur is severely wounded.
The centaur hits you. The centaur hits you!
You hit the centaur but do no damage.
The centaur is severely wounded.
You block the centaur's attack. The centaur hits you!
* * * LOW HITPOINT WARNING * * *
You barely miss the centaur.
The centaur is severely wounded.
The centaur hits you!
You die...

########.#.#.# #......##.# #.#
#......)#.#.#.###......##.# #.#
#.......#.#.#.....#######.####.#
#.......#.#>....................
#.......#.#.#.....#######'######
#.........#.#.###............#..
#.......#.#.#.###'##.........#..
#.......'.#..................#..
#.......###...c@....(.#.........
#.........+...........#.........
#.......###...........#.........
#.......'....(........#.........
#.......#################+......
###'##### #............ #.#
#.####....... #.# #....'......)
#.############ ######.......


You could see a centaur.

Vanquished Creatures
  3 hounds (D:4)
  3 orc wizards
  A worker ant (D:4)
  4 gnolls (D:4)
  6 adders
  2 oozes (D:3)
  2 dart slugs (D:2)
  5 giant geckos
  10 orcs
  2 ball pythons
  7 bats
  2 giant cockroaches
  6 goblins
  9 hobgoblins
  7 jackals
  8 kobolds
  A quokka (D:2)
  A giant gecko skeleton (D:4)
  2 giant newts (D:2)
  7 rats
88 creatures vanquished.

Vanquished Creatures (others)
  A hobgoblin (D:1)
1 creature vanquished.

Grand Total: 89 creatures vanquished

Notes
Turn   | Place    | Note
--------------------------------------------------------------
     0 | D:1      | dracos369 the Octopode Fighter began the quest for the Orb.
     0 | D:1      | Reached XP level 1. HP: 16/16 MP: 1/1
   157 | D:1      | Reached XP level 2. HP: 21/21 MP: 2/2
   210 | D:1      | Reached skill level 3 in Polearms
   366 | D:1      | Reached XP level 3. HP: 24/26 MP: 3/3
  1007 | D:2      | Reached skill level 4 in Polearms
  1063 | D:2      | Reached XP level 4. HP: 26/31 MP: 4/4
  1866 | D:3      | Reached skill level 5 in Polearms
  1866 | D:3      | Reached XP level 5. HP: 18/36 MP: 5/5
  2603 | D:3      | Noticed an ice beast
  2643 | D:4      | Reached skill level 6 in Polearms
  2786 | D:4      | Reached XP level 6. HP: 35/42 MP: 6/6
  3048 | D:4      | Reached skill level 1 in Stealth
  3499 | D:4      | Slain by a centaur

Vault maps used:
D:1:      minmay_arrival_four_circles, nrook_mini_backslash
D:4:      first_bread, kennysheep_generic_room_7

Skill      XL: |  1  2  3  4  5  6 |
---------------+-------------------+-----
Polearms       | 3 4 5 6 |  6.6
Stealth        | 2 |  2.3
Fighting       | |  3.0
Dodging        | |  3.0
Shields        | |  3.3

Action                   |  1- 3 |  4- 6 || total
-------------------------+-------+-------++-------
Melee: Trident           |    71 |   153 ||   224
       Constrict         |    12 |    29 ||    41
       Tentacles         |     7 |    22 ||    29
 Stab: Sleeping          |     8 |     7 ||    15
       Distracted        |       |     1 ||     1
  Eat: Chunk             |     1 |     7 ||     8
Armor: Skin              |     2 |     2 ||     4
Dodge: Dodged            |     4 |    30 ||    34
Block: Shield            |    27 |    84 ||   111
       Reflection        |     5 |     3 ||     8
